 Dungeon Crawl Stone Soup version 0.18.1-48-g4cf74bf (webtiles) character file.

7442 dearth the Basher (level 10, -6/91 HPs)
             Began as a Minotaur Fighter on Aug 3, 2016.
             Was a High Priest of Okawaru.
             Mangled by a merfolk
             ... wielding a +0 trident
              (17 damage)
             ... on level 10 of the Dungeon.
             The game lasted 00:26:48 (7834 turns).

dearth the Basher (Minotaur Fighter)                Turns: 7834, Time: 00:26:49

Health: -6/91      AC: 10    Str: 24    XL:     10   Next: 93%
Magic:  13/13      EV: 13    Int:  5    God:    Okawaru [*****.]
Gold:   573        SH: 11    Dex: 12    Spells: 0 memorised, 9 levels left

rFire  + . .     SeeInvis .     G - +3 flail (crush)
rCold  . . .     Gourm    .     k - +0 ring mail {rF+}
rNeg   . . .     Faith    .     c - +0 shield
rPois  .         Spirit   .     (helmet restricted)
rElec  .         Dismiss  +     v - +2 cloak {MR+}
rCorr  +         Reflect  .     (no gloves)
SustAt .         Harm     .     (no boots)
MR     +....                    d - amulet of dismissal
Stlth  +.........               a - +2 ring of dexterity
                                s - ring of resist corrosion

@: lethally poisoned (-6 -> -7), somewhat resistant to hostile enchantments,
very unstealthy
A: retaliatory headbutt, horns 2
a: Heroism, Finesse, Renounce Religion


You were on level 10 of the Dungeon.
You worshipped Okawaru.
Okawaru was extremely pleased with you.
You were not hungry.

You visited 1 branch of the dungeon, and saw 10 of its levels.
You also visited: Sewer.

You collected 573 gold pieces.

Inventory:

Hand Weapons
 G - a +3 flail of crushing (weapon)
Armour
 c - a +0 shield (worn)
 k - a +0 ring mail of fire resistance (worn)
 v - a +2 cloak of magic resistance (worn)
Jewellery
 a - a +2 ring of dexterity (right hand)
 d - an amulet of dismissal (around neck)
 s - a ring of resist corrosion (left hand)
Wands
 f - a wand of confusion (16/48)
 J - a wand of lightning (9/15)
Scrolls
 e - a scroll of fear
 i - 7 scrolls of remove curse
 l - a scroll of noise {unknown}
 m - 3 scrolls of blinking
 n - a scroll of enchant armour
 t - 7 scrolls of identify
 y - 3 scrolls of teleportation
 B - 2 scrolls of magic mapping
Potions
 b - a potion of haste {unknown}
 g - a potion of resistance {unknown}
 h - 5 potions of lignification {unknown}
 j - 4 potions of degeneration {unknown}
 o - 7 potions of curing {unknown}
 q - 2 potions of heal wounds {unknown}
 r - 2 potions of magic {unknown}
 u - a potion of cancellation {unknown}
 C - a potion of agility {unknown}
 D - a potion of ambrosia {unknown}
 E - 2 potions of berserk rage {unknown}
 F - 2 potions of mutation {unknown}
Comestibles
 p - 4 meat rations
 w - 4 bread rations
 z - 2 beef jerkies
 A - 8 fruits
 H - a slice of pizza


   Skills:
 + Level 9.0 Fighting
 * Level 11.2 Maces & Flails
 + Level 8.5 Armour
 + Level 7.0 Dodging
 + Level 8.2 Shields
 + Level 5.5 Invocations


You had 9 spell levels left.
You didn't know any spells.

Dungeon Overview and Level Annotations

Branches:
Dungeon (10/15)            Temple (0/1) D:7
   Lair: D:8-11         Orc: D:9-12

Altars:
Ashenzari
Cheibriados
Dithmenos
Elyvilon
Nemelex Xobeh
Okawaru
Qazlal
Ru
Sif Muna
Vehumet
Xom

Shops:
D:7 [:[:[   D:9 (


Innate Abilities, Weirdness & Mutations

You reflexively headbutt those who attack you in melee.
You have a pair of horns on your head.


Message History

The killer bee is almost dead.
You feel sick.
The killer bee stings you but does no damage.
The merfolk hits you from afar with a trident.
* * * LOW HITPOINT WARNING * * *
You sock the killer bee!
You kill the killer bee!
Okawaru accepts your kill.
Your Dodging skill increases to level 7!
The crimson imp blinks!
You block the killer bee's attack.
You barely miss the killer bee. Your headbutt misses the killer bee.
You feel sick. You block the killer bee's attack.
The merfolk hits you from afar with a trident!
* * * LOW HITPOINT WARNING * * *
You block the crimson imp's attack.
The killer bee stings you but does no damage.
You barely miss the killer bee. Your headbutt misses the killer bee.
The killer bee barely misses you.
The merfolk hits you from afar with a trident!
You die...

##...##
#..... #.....
.... #... ..#
#5# # #@#
#.###y#
#...m.#
#..Y#ยง#
#....<#
#............
#............
#..##.##.....
#.. %%% .....


You could see a merfolk, a yak, a killer bee and a crimson imp.

Vanquished Creatures
  A deep elf mage (D:10)
  The ghost of eragonby the Destroyer, a novice HECj of Vehumet (D:6)
  Psyche (D:8)
  A troll (D:9)
  Sigmund (D:5)
  A wyvern (D:9)
  13 yaks
  2 hippogriffs
  Menkaure (D:4)
  Duvessa (D:5)
  A water moccasin (D:8)
  Purgy (Sewer)
  An ice beast (D:9)
  2 orc warriors (D:8)
  5 ogres
  3 sky beasts
  A phantom (D:5)
  3 centaurs
  A crocodile (D:8)
  A big kobold (D:4)
  4 giant frogs
  Dowan (D:5)
  2 scorpions
  3 killer bees (D:10)
  5 howler monkeys
  A giant frog zombie (D:5)
  A quasit (D:9)
  A giant frog skeleton (D:5)
  6 hounds
  A jelly (D:9)
  2 gnoll shamans
  Crazy Yiuf (D:2)
  2 centaur skeletons
  7 orc wizards
  An iguana (D:6)
  8 worker ants
  A hound zombie (D:8)
  A howler monkey zombie (D:5)
  11 gnolls
  6 adders
  A shadow imp (D:6)
  An ooze (D:3)
  A worm (D:6)
  A dart slug (D:1)
  12 giant geckos
  19 orcs
  4 bats
  6 giant cockroaches
  9 hobgoblins
  7 jackals
  11 kobolds
  2 quokkas (D:8)
  2 ball pythons
  A giant gecko skeleton (D:6)
  7 giant newts
  4 goblins
  A jackal zombie (D:8)
  10 rats
  A plant (D:4)
207 creatures vanquished.

Notes
Turn   | Place    | Note
--------------------------------------------------------------
     0 | D:1      | dearth the Minotaur Fighter began the quest for the Orb.
     0 | D:1      | Reached XP level 1. HP: 19/19 MP: 0/0
   175 | D:1      | Reached XP level 2. HP: 27/27 MP: 1/1
   308 | D:1      | Reached skill level 3 in Maces & Flails
   483 | D:1      | Reached XP level 3. HP: 22/33 MP: 2/2
  1392 | D:2      | Found a snail-covered altar of Cheibriados.
  1538 | D:2      | Noticed Crazy Yiuf
  1548 | D:2      | Killed Crazy Yiuf
  1548 | D:2      | Reached skill level 4 in Maces & Flails
  1548 | D:2      | Reached XP level 4. HP: 9/40 MP: 3/3
  1757 | D:3      | Reached skill level 1 in Dodging
  2142 | D:4      | Noticed a giant frog
  2150 | D:4      | Killed a giant frog
  2150 | D:4      | Reached XP level 5. HP: 47/47 MP: 4/4
  2337 | D:4      | Noticed Menkaure
  2368 | D:4      | Killed Menkaure
  2368 | D:4      | Reached skill level 5 in Maces & Flails
  2368 | D:4      | Reached XP level 6. HP: 25/55 MP: 5/5
  2445 | D:4      | Reached skill level 5 in Fighting
  2445 | D:4      | Reached skill level 5 in Armour
  2713 | D:4      | Found an iron altar of Okawaru.
  2716 | D:4      | Became a worshipper of Warmaster Okawaru
  2888 | D:5      | Entered Level 5 of the Dungeon
  2932 | D:5      | Reached XP level 7. HP: 53/61 MP: 6/6
  3369 | D:5      | Noticed Sigmund
  3377 | D:5      | Killed Sigmund
  3377 | D:5      | Reached skill level 6 in Maces & Flails
  3377 | D:5      | Reached skill level 5 in Shields
  3377 | D:5      | Reached skill level 1 in Invocations
  3408 | D:5      | Noticed an air elemental
  3410 | D:5      | Found a stormy altar of Qazlal.
  3413 | D:5      | Noticed a fire elemental
  3413 | D:5      | Noticed a water elemental
  3432 | D:5      | Noticed Duvessa
  3433 | D:5      | Noticed Dowan
  3443 | D:5      | Killed Duvessa
  3458 | D:5      | Killed Dowan
  3458 | D:5      | Reached * piety under Okawaru
  3545 | D:5      | Reached XP level 8. HP: 63/70 MP: 8/8
  3548 | D:5      | Reached skill level 7 in Maces & Flails
  3680 | D:5      | Found a radiant altar of Vehumet.
  3968 | D:6      | Found a glowing drain.
  3987 | Sewer    | Entered a sewer
  4060 | Sewer    | Noticed Purgy
  4073 | Sewer    | Killed Purgy
  4423 | D:6      | Reached ** piety under Okawaru
  4497 | D:6      | Got a warped war axe
  4535 | D:6      | Noticed eragonby's ghost (novice HECj)
  4559 | D:6      | Killed eragonby's ghost
  4559 | D:6      | Reached skill level 8 in Maces & Flails
  4581 | D:6      | Identified the +4 war axe of Conscience {chop, rC+} (You found it on level 6 of the Dungeon)
  4678 | D:6      | Reached XP level 9. HP: 76/78 MP: 10/10
  4698 | D:6      | Reached skill level 5 in Dodging
  4920 | D:6      | Found a white marble altar of Elyvilon.
  4940 | D:6      | Found a shadowy altar of Dithmenos.
  5068 | D:7      | Found Uterchukk's Antique Armour Emporium.
  5070 | D:7      | Found a sparkling altar of Nemelex Xobeh.
  5194 | D:7      | Found a shattered altar of Ashenzari.
  5205 | D:7      | Found Hier's Armour Emporium.
  5305 | D:7      | Reached *** piety under Okawaru
  5305 | D:7      | Reached skill level 9 in Maces & Flails
  5316 | D:7      | Found Gorum's Antique Armour Emporium.
  5325 | D:7      | Found Xutag's Book Shoppe.
  5470 | D:7      | Found Yfistujustri's Book Shoppe.
  5568 | D:7      | Found a staircase to the Ecumenical Temple.
  5669 | D:7      | Found a deep blue altar of Sif Muna.
  5669 | D:7      | Found a sacrificial altar of Ru.
  5838 | D:8      | Noticed Psyche
  5845 | D:8      | Killed Psyche
  5987 | D:8      | Reached **** piety under Okawaru
  6019 | D:8      | HP: 3/81 [orc warrior/scimitar (9)]
  6648 | D:8      | Reached XP level 10. HP: 82/88 MP: 12/12
  6806 | D:9      | Reached skill level 10 in Maces & Flails
  6850 | D:9      | Found Guwnetei's Antique Weapon Emporium.
  7341 | D:9      | Reached skill level 5 in Invocations
  7344 | D:9      | Reached ***** piety under Okawaru
  7530 | D:9      | Found a shimmering altar of Xom.
  7534 | D:9      | Reached skill level 11 in Maces & Flails
  7789 | D:10     | Entered Level 10 of the Dungeon
  7797 | D:10     | Noticed a deep elf mage
  7816 | D:10     | Killed a deep elf mage
  7834 | D:10     | Mangled by a merfolk

Skill      XL: |  1  2  3  4  5  6  7  8  9 10 |
---------------+-------------------------------+-----
Maces & Flails | 3 4 5 6 8 9 11 | 11.2
Armour         | 4 5 6 7 8 |  8.5
Fighting       | 4 5 6 8 9 |  9.0
Dodging        | 1 2 3 4 5 7 |  7.0
Shields        | 4 5 6 7 8 |  8.2
Invocations    | 1 3 4 5 |  5.5

Action                   |  1- 3 |  4- 6 |  7- 9 | 10-12 || total
-------------------------+-------+-------+-------+-------++-------
Melee: Flail             |   113 |    96 |   328 |   146 ||   683
       Headbutt          |    10 |    15 |    67 |    37 ||   129
Invok: Heroism           |       |       |     4 |     2 ||     6
  Use: Potion            |       |     1 |       |       ||     1
       Scroll            |       |       |    15 |       ||    15
  Eat: Pizza             |     1 |       |       |       ||     1
       Bread ration      |       |     1 |     1 |       ||     2
       Meat ration       |       |       |     1 |       ||     1
       Chunk             |       |       |     3 |       ||     3
       Fruit             |       |       |     4 |     3 ||     7
Armor: Scale mail        |    34 |       |       |       ||    34
       Ring mail         |    18 |    31 |    93 |    30 ||   172
Dodge: Dodged            |    38 |    33 |   131 |    44 ||   246
Block: Shield            |    49 |    40 |   176 |    72 ||   337
